AoeStats
← D_Wie_Deutschland

Arena

508418520Analyzed
1v1 RM · 9d ago on Sep 22, 2026· 51m 54s· 2 players
Game mode
Random Map
Map size
Tiny (2 player)
Population
200
Speed
Normal
Resources
Standard
Victory
Conquest
Starting age
Dark Age
Ending age
Imperial Age
RankedLock teamsTeams togetherTeam positionsShared explorationLock speedFull tech treeHidden civsTurbo modeCheats
Victory
Defeat
🇹🇷 Goths · Türkiye
903
+16
🇩🇪 Britons · Germany
911
-16
ılıJoKeRılı
10:24 Feudal Age
16:32 Castle Age
14:55 Double-Bit Axe
15:05 Horse Collar
16:52 Loom
17:45 Bow Saw
19:36 Heavy Plow
21:01 Gold Mining
21:16 Anarchy
24:32 Scale Mail Armor
25:55 Squires
26:38 Scale Barding Armor
26:51 Chain Mail Armor
27:06 Man-at-Arms
27:24 Pikeman
28:28 Forging
28:30 Long Swordsman
30:47 Wheelbarrow
36:00 Imperial Age
37:04 Two-Handed Swordsman
37:07 Elite Huskarl
37:09 Capped Ram
38:36 Iron Casting
39:52 Halberdier
41:22 Hand Cart
42:09 Two-Man Saw
42:54 Blast Furnace
43:17 Fervor
43:14 Champion
44:01 Perfusion
45:22 Crop Rotation
44:46 Fletching
45:28 Conscription
47:13 Bodkin Arrow
47:06 Sappers
51:02 Bracer
51:08 Scale Barding Armor
D_Wie_Deutschland
0:28 Loom
11:06 Feudal Age
11:56 Horse Collar
12:03 Double-Bit Axe
20:15 Castle Age
18:16 Gold Mining
18:46 Stone Mining
19:06 Fletching
20:07 Padded Archer Armor
20:22 Crossbowman
24:08 Wheelbarrow
24:02 Bow Saw
23:57 Heavy Plow
24:25 Town Watch
25:41 Bodkin Arrow
32:05 Imperial Age
30:22 Scale Barding Armor
30:32 Forging
32:06 Chain Barding Armor
31:48 Husbandry
33:30 Arbalester
35:07 Town Patrol
35:09 Cavalier
36:15 Bracer
38:29 Iron Casting
42:24 Blast Furnace
Connection lost

Rejoining the realm…

Still unreachable

The connection could not be restored.

Session expired

The server has moved on; the page needs a fresh start.